Map: Disco Bloodbath LE

Players

Mez - Winner!

  • Race: Terran Terran
  • League: Master
  • Spawn Location: 3:00

Aramos

  • Race: Terran Terran
  • League: Master
  • Spawn Location: 9:00

VOD

Have the link to the VOD?

Description

Time

  • Played on: Aug. 22, 2019, 12:48 p.m.
  • Length: 10:06
Show
View Real Time Build Order
Export as new Build Order

Mez Terran - Winner!

Build Orders: Cyclone Opening 

Get SALT Encoding   

  12  0:00  SCV  
  13  0:13  SCV  
  14  0:21  Supply Depot  
  14  0:26  SCV  
  15  0:31  Refinery  
  15  0:42  SCV  
  16  0:48  Barracks  
  16  0:55  SCV  
  17  0:59  Refinery  
  17  1:07  SCV  
  18  1:20  SCV  
  19  1:36  Orbital Command, Reaper  
  19  1:39  Factory  
  20  1:52  Supply Depot  
  20  2:03  SCV  
  20  2:08  Reaper  
  22  2:17  SCV  
  23  2:25  Factory Tech Lab  
  23  2:29  SCV  
  24  2:35  Command Center  
  24  2:41  SCV  
  24  2:43  Barracks Reactor  
  25  2:46  Cyclone  
  28  2:54  Starport  
  28  3:01  Supply Depot  
  28  3:03  SCV  
  29  3:15  SCV  
  30  3:23  Cyclone  
  30  3:26  Supply Depot  
  33  3:29  Marine, SCV  
  33  3:30  Marine  
  33  3:31  Starport Tech Lab  
  36  3:45  Refinery  
  36  3:49  Orbital Command  
  36  3:54  Marine x2  
  38  3:56  Raven  
  38  4:00  SCV  
  40  4:12  SCV  
  41  4:17  SCV  
  41  4:24  Siege Tank, SCV, Supply Depot  
  45  4:29  Marine x2, SCV  
  49  4:36  SCV  
  50  4:42  SCV  
  51  4:47  Marine x2, Raven  
  51  4:48  SCV  
  51  4:49  Supply Depot  
  56  4:54  SCV  
  57  5:01  SCV  
  57  5:02  Siege Tank  
  57  5:06  SCV  
  61  5:14  SCV  
  61  5:18  SCV  
  63  5:28  Command Center  
  63  5:32  Barracks  
  63  5:33  Barracks  
  61  5:37  Siege Tank  
  61  5:41  Supply Depot  
  64  5:43  Engineering Bay  
  64  5:45  Engineering Bay  
  64  5:46  Stimpack  
  64  5:50  SCV  
  64  5:51  SCV  
  64  5:56  Medivac  
  68  5:59  Medivac  
  68  6:00  Marine  
  71  6:18  SCV x2  
  73  6:19  Marine  
  73  6:21  Barracks Reactor x2  
  74  6:28  Supply Depot  
  74  6:30  Barracks  
  74  6:32  Barracks, Refinery  
  74  6:45  Marine  
  75  6:51  Siege Tank  
  82  6:56  Terran Infantry Armor Level 1, Terran Infantry Weapons Level 1  
  82  6:59  SCV x2  
  80  7:03  Marine  
  81  7:11  SCV  
  80  7:17  Marine x4  
  80  7:20  Barracks Reactor x2  
  84  7:23  SCV  
  84  7:24  SCV  
  84  7:25  Orbital Command  
  84  7:26  Marine  
  87  7:30  Supply Depot, Medivac x2  
  87  7:31  Supply Depot  
  87  7:35  Marine x2  
  93  7:43  SCV x2  
  71  7:44  Marine x3  
  71  7:47  Combat Shield  
  72  7:51  Siege Tank  
  72  7:53  Marine x2  
  72  7:55  SCV  
  78  7:59  SCV x2  
  80  8:06  Marine x7  
  80  8:07  SCV  
  80  8:08  Medivac  
  80  8:09  Medivac  
  80  8:10  Marine  
  80  8:11  Marine, SCV  
  95  8:16  Armory  
  95  8:18  SCV  
  97  8:20  SCV  
  97  8:23  Siege Tank, SCV  
  101  8:30  SCV  
  101  8:32  Marine x7, SCV  
  101  8:33  Marine x2  
  112  8:35  SCV  
  112  8:38  Refinery  
  113  8:42  Refinery  
  113  8:47  Factory  
  113  8:50  Marine x2  
  113  8:51  Marine x6  
  113  8:52  SCV x3  
  124  8:59  Supply Depot, Missile Turret  
  124  9:02  Missile Turret  
  124  9:06  Supply Depot  
  124  9:08  Supply Depot  
  124  9:09  Supply Depot  
  124  9:16  Marine  
  125  9:27  Marine x8  
  125  9:37  Marine  
  126  9:45  Marine x4  
Show
View Real Time Build Order
Export as new Build Order

Aramos Terran 

Build Orders:  

Get SALT Encoding   

  12  0:01  SCV  
  13  0:13  SCV  
  14  0:17  Supply Depot  
  14  0:25  SCV  
  14  0:27  Refinery  
  15  0:39  SCV  
  16  0:44  Barracks  
  16  0:51  SCV  
  16  0:54  Refinery  
  17  1:03  SCV  
  18  1:19  SCV  
  19  1:31  Orbital Command  
  19  1:32  Factory  
  19  1:35  Reaper  
  20  1:47  Supply Depot  
  20  1:57  SCV  
  21  2:08  Reaper  
  22  2:09  SCV  
  23  2:18  Hellion  
  23  2:22  SCV  
  26  2:27  Command Center  
  26  2:34  SCV  
  27  2:42  Factory Tech Lab, Barracks Reactor  
  27  2:48  SCV  
  28  2:52  Supply Depot  
  28  2:56  Starport  
  28  3:00  Cyclone  
  31  3:14  SCV  
  31  3:18  Marine  
  31  3:19  Marine  
  34  3:30  SCV  
  35  3:35  Refinery  
  35  3:40  Factory Tech Lab  
  35  3:41  Orbital Command  
  35  3:43  SCV  
  35  3:45  Marine x2  
  35  3:46  Raven  
  40  3:55  SCV  
  40  4:07  SCV  
  39  4:14  SCV  
  39  4:15  Marine x2, Siege Tank  
  45  4:20  SCV, Supply Depot  
  46  4:26  SCV  
  46  4:30  Raven  
  49  4:35  SCV  
  50  4:42  Command Center, Supply Depot  
  50  4:44  Marine x2  
  52  4:48  SCV x2  
  52  4:52  Siege Tank  
  56  5:14  Command Center  
  56  5:22  SCV x2  
  57  5:31  Siege Tank, Stimpack  
  57  5:32  Viking x2  
  64  5:38  SCV x2, Barracks  
  64  5:39  Barracks  
  64  5:40  Marine, Barracks  
  67  5:53  Engineering Bay x2  
  67  5:54  SCV x2  
  69  5:58  Marine  
  70  6:24  Terran Infantry Armor Level 1, Terran Infantry Weapons Level 1  
  70  6:26  Viking x2  
  70  6:27  Supply Depot, Refinery  
  70  6:29  Orbital Command, Supply Depot  
  74  6:32  Supply Depot  
  74  6:39  Barracks Reactor x3  
  74  6:41  Siege Tank  
  77  6:50  SCV x2  
  79  6:59  Armory  
  76  7:18  SCV x2  
  61  7:45  SCV x3  
  64  7:57  SCV x2  
  66  8:03  Marine, SCV, Orbital Command  
  66  8:04  Marine x5  
  66  8:05  Siege Tank  
  76  8:07  Medivac x2  
  76  8:09  Barracks  
  76  8:10  Barracks  
  80  8:24  SCV x2  
  82  8:29  Marine x6  
  88  8:42  SCV  
  88  8:43  SCV x2  
  88  8:48  Sensor Tower  
  91  8:54  Refinery  
  91  8:55  SCV x2  
  93  8:56  Refinery  
  93  9:01  SCV  
  93  9:02  Marine x4, Barracks Reactor  
  98  9:07  SCV x2  
  100  9:11  Barracks Reactor  
  100  9:13  Marine x2, SCV  
  103  9:24  Marine x5  
  105  9:35  Marine x2  
  105  9:37  SCV  
  101  9:41  Marine  
  101  9:42  Marine x2, Engineering Bay  
  101  9:44  Engineering Bay  
Tags
 
Add a new tag
Caveats
  • Supply blocks, unpowered buildings, or Contaminate may cause inaccurate times.
  • Supply counts are checked every 10 seconds.